 Dungeon Crawl Stone Soup version 0.24.0-1-gfbc8707 (webtiles) character file.

Game seed: 16896628153308753122, levelgen mode: deterministic

5694 ChiliFlavouring the Cleaver (level 10, -8/66 HPs)
             Began as a Tengu Berserker on Oct 27, 2019.
             Was an Elder of Trog.
             Mangled by a shadow (23 damage)
             ... on level 9 of the Dungeon.
             The game lasted 00:17:58 (7458 turns).

ChiliFlavouring the Cleaver (Tengu Berserker)       Turns: 7458, Time: 00:17:58

Health: -8/66      AC: 11    Str: 20    XL:     10   Next: 76%
Magic:  20/20      EV: 14    Int:  9    God:    Trog [****..]
Gold:   550        SH:  0    Dex: 13    Spells: 9/9 levels left

rFire    . . .     SeeInvis .   z - +1 war axe (drain)
rCold    . . .     Gourm    .   (no shield)
rNeg     . . .     Faith    .   m - +0 swamp dragon scales
rPois    +         Spirit   .   (helmet restricted)
rElec    .         Reflect  .   (no cloak)
rCorr    .         Harm     .   d - +0 pair of gloves
MR       +++..                  (boots unavailable)
Stlth    +.........             (no amulet)
HPRegen  1.21/turn              s - ring of magical power
MPRegen  0.17/turn              w - ring of protection from magic

@: flying quickly and evasively, regenerating, quick
A: beak, talons 3, able to fly
a: Stop Flying, Berserk, Trog's Hand, Brothers in Arms, Renounce Religion


You were on level 9 of the Dungeon.
You worshipped Trog.
Trog was greatly pleased with you.
You were very hungry.

You visited 2 branches of the dungeon, and saw 10 of its levels.

You collected 550 gold pieces.

Inventory:

Hand Weapons
 e - a +3 trident
 z - a +1 war axe of draining (weapon)
Armour
 d - a +0 pair of gloves (worn)
 m - +0 swamp dragon scales (worn)
Jewellery
 s - a ring of magical power (left hand)
 w - a ring of protection from magic (right hand)
 x - an uncursed ring of flight {unknown}
 A - an uncursed ring of protection from fire {unknown}
 D - an uncursed ring of protection from cold {unknown}
Wands
 h - a wand of random effects (12)
 E - a wand of enslavement (2)
Scrolls
 b - a scroll of fog {unknown}
 f - 4 scrolls of remove curse {unknown}
 j - 2 scrolls of immolation {unknown}
 k - 3 scrolls of magic mapping {unknown}
 o - 2 scrolls of fear {unknown}
 q - 7 scrolls of teleportation {unknown}
 u - 3 scrolls of enchant weapon {unknown}
 y - 11 scrolls of identify
 B - a scroll of noise {unknown}
 C - a scroll of acquirement {unknown}
 G - a scroll of vulnerability {unknown}
 H - a scroll of blinking {unknown}
Potions
 a - 3 potions of curing
 g - a potion of might {unknown}
 i - a potion of degeneration {unknown}
 l - a potion of heal wounds {unknown}
 n - 2 potions of resistance {unknown}
 p - 4 potions of mutation {unknown}
 r - a potion of lignification {unknown}
 t - a potion of brilliance {unknown}
 v - 3 potions of haste {unknown}
Comestibles
 c - 8 rations


   Skills:
 + Level 9.6 Fighting
 + Level 10.4 Axes
 + Level 10.2 Armour
 - Level 2.1 Dodging


You had 9 spell levels left.
You didn't know any spells.
Your spell library was empty.

Dungeon Overview and Level Annotations

Branches:
Dungeon (9/15)             Temple (1/1) D:4
   Lair: D:8-11         Orc: D:9-12

Altars:
Ashenzari
Dithmenos
Elyvilon
Fedhas
Hepliaklqana
Makhleb
Nemelex Xobeh
Okawaru
Ru
Sif Muna
Trog
Uskayaw
Vehumet
Wu Jian
Xom
Yredelemnul
Zin
The Shining One


Innate Abilities, Weirdness & Mutations

You have a beak for a mouth.
You have claws for feet.
You can fly continuously.


Message History

The electric eel shoots out a bolt of lightning at you!
The bolt of electricity hits the bullfrog!
The bullfrog dies!
The bolt of electricity hits you. The bolt of electricity hits you!
* * * LOW HITPOINT WARNING * * *
Your skin crawls.
You feel resistant to hostile enchantments.
You feel somewhat more hungry. The shadow barely misses you.
The shadow slips into darkness.
The shadow flickers and vanishes!
Deactivating autopickup; reactivate with Ctrl-A.
The electric eel shoots out a bolt of lightning at you!
The bolt of electricity hits something!
The bolt of electricity hits you!
* * * LOW HITPOINT WARNING * * *
Your two-headed ogre goes berserk!
You are feeling very hungry.
Your two-headed ogre misses the bullfrog.
Your two-headed ogre closely misses the bullfrog.
The shadow strikes at you from the darkness!
You die...

.....# #....# #....##
#.##..... #.......#
#>....#########
#.......#.....#####
#.##.##...........# #
#......@........#
#.###.#...F.O.....#.#
≈..>.................≈≈
≈≈#.#.#.#.#.#.#####.≈≈≈
≈≈.#.#<#.#.#.#####.≈≈≈
≈≈≈ #.###.#.#.†...#≈≈≈≈
≈≈ #.......###.##≈≈≈≈≈
.............;≈≈≈≈≈
....#.#####F;;≈≈≈≈≈


You could see a bullfrog and a friendly two-headed ogre (berserk).

Vanquished Creatures
  A two-headed ogre (D:8)
  Pikel (D:4)
  Grinder (D:4)
  2 hippogriffs (D:8)
  Sigmund (D:2)
  5 yaks (D:8)
  A hungry ghost (D:8)
  A water moccasin (D:8)
  A slave (D:4)
  A black bear (D:7)
  2 orc warriors
  An eye of draining (D:8)
  2 sky beasts
  A phantom (D:7)
  An ice beast (D:6)
  4 ogres
  2 centaurs
  A crocodile (D:8)
  A big kobold (D:8)
  2 bullfrogs
  A water moccasin zombie (D:8)
  A scorpion (D:8)
  3 howler monkeys (D:7)
  3 crimson imps
  A bullfrog zombie (D:5)
  2 hounds (D:8)
  2 quasits
  6 orc priests
  2 centaur zombies
  2 centaur skeletons
  A jelly (D:5)
  A bullfrog skeleton (D:6)
  Ijyb (D:5)
  2 iguanas
  4 worker ants
  6 orc wizards
  Terence (D:2)
  A worker ant zombie (D:6)
  3 gnolls (D:5)
  11 adders
  A shadow imp (D:8)
  An ooze (D:3)
  An adder skeleton (D:7)
  2 worms (D:2)
  A leopard gecko (D:1)
  29 orcs
  2 ball pythons
  4 giant cockroaches
  13 goblins
  10 hobgoblins
  2 jackals (D:3)
  2 quokkas
  4 bats
  5 frilled lizards
  A giant cockroach zombie (D:5)
  A jackal zombie (D:8)
  12 kobolds
  A quokka skeleton (D:6)
  A quokka zombie (D:5)
  7 rats
  A spectral orc (D:4)
187 creatures vanquished.

Vanquished Creatures (others)
  A bullfrog (D:9)
  A plant (D:8)
2 creatures vanquished.

Grand Total: 189 creatures vanquished

Notes
Turn   | Place    | Note
-------+----------+-------------------------------------------
     0 | D:1      | ChiliFlavouring the Tengu Berserker began the quest for the
                  | Orb.
     0 | D:1      | Reached XP level 1. HP: 14/14 MP: 2/2
   147 | D:1      | Reached XP level 2. HP: 19/19 MP: 3/3
   782 | D:1      | Reached XP level 3. HP: 23/23 MP: 4/4
   898 | D:2      | Reached ** piety under Trog
   943 | D:2      | Noticed Sigmund
   951 | D:2      | Killed Sigmund
   951 | D:2      | Reached XP level 4. HP: 29/29 MP: 5/5
   951 | D:2      | Gained mutation: You can fly continuously. [Tengu growth]
   951 | D:2      | Reached XP level 5. HP: 33/33 MP: 6/6
  1098 | D:2      | Found a shadowy altar of Dithmenos.
  1099 | D:2      | Noticed Terence
  1108 | D:2      | Killed Terence
  1108 | D:2      | Reached XP level 6. HP: 39/39 MP: 7/7
  1454 | D:2      | Reached skill level 5 in Axes
  2396 | D:4      | Noticed Grinder
  2421 | D:4      | Killed Grinder
  2421 | D:4      | Reached skill level 5 in Fighting
  2421 | D:4      | Reached skill level 5 in Armour
  2421 | D:4      | Reached XP level 7. HP: 25/44 MP: 8/8
  2571 | D:4      | Found a staircase to the Ecumenical Temple.
  2793 | Temple   | Entered the Ecumenical Temple
  2969 | D:4      | Reached *** piety under Trog
  3175 | D:4      | Noticed Pikel
  3220 | D:4      | Killed Pikel
  3220 | D:4      | Reached XP level 8. HP: 51/51 MP: 9/9
  3393 | D:4      | Found a basalt altar of Yredelemnul.
  3507 | D:4      | Found a shimmering blue altar of Sif Muna.
  3631 | D:5      | Entered Level 5 of the Dungeon
  3855 | D:5      | Noticed Ijyb
  3864 | D:5      | Killed Ijyb
  4759 | D:6      | Reached XP level 9. HP: 57/57 MP: 10/10
  5067 | D:6      | Found a hazy altar of Hepliaklqana.
  5069 | D:6      | Found a blossoming altar of Fedhas.
  5069 | D:6      | Found an iron altar of Okawaru.
  5071 | D:6      | Found a hide-covered altar of Uskayaw.
  5071 | D:6      | Found a glowing silver altar of Zin.
  5071 | D:6      | Found a shimmering altar of Xom.
  5678 | D:7      | Reached **** piety under Trog
  6248 | D:8      | Reached XP level 10. HP: 54/65 MP: 11/11
  6275 | D:8      | Found a bloodstained altar of Trog.
  6715 | D:8      | Noticed a two-headed ogre
  6720 | D:8      | Killed a two-headed ogre
  6720 | D:8      | Reached skill level 10 in Axes
  6752 | D:8      | Found a blossoming altar of Fedhas.
  6776 | D:8      | Reached skill level 10 in Armour
  7298 | D:8      | Found a glowing silver altar of Zin.
  7299 | D:8      | Found a sparkling altar of Nemelex Xobeh.
  7458 | D:9      | Mangled by a shadow

Levels and vault maps discovered:
D:1:      erik_arrival_cave_to_civilisation [erik_arrival_cave_to_hall],
          layout_rooms, minmay_bisected
D:2:      layout_basic, nicolae_overflow_crystal_walls, uniq_terence,
          uniq_sigmund
D:3:      layout_loops_ring
D:4:      layout_gridville, yredelemnul_forgotten_temple_becter,
          marbit_many_paths, minmay_temple_entry_stoned_glass, first_ration,
          uniq_grinder, uniq_pikel
D:5:      layout_cave_pods, bh_walls_and_bars, uniq_ijyb
D:6:      layout_basic, doesnt_xom_only_xom, grunt_ministairs_1
D:7:      layout_loops_ring
D:8:      layout_loops_ring, fedhas_altar_1, bloody_trog, minitemple,
          nicolae_two_hexagons
D:9:      cheibrodos_elevator_heist, layout_basic,
          grunt_temple_overflow_cloverleaf, david_nohive_1
Temple:   cyrus_temple_forest

Skill      XL: |  1  2  3  4  5  6  7  8  9 10 |
---------------+-------------------------------+-----
Armour         | 4 5 6 7 9 10 | 10.2
Fighting       | 4 5 6 7 8 9 |  9.6
Axes           | 4 5 6 7 9 10 | 10.4
Dodging        | |  2.1

Action                   |  1- 3 |  4- 6 |  7- 9 | 10-12 || total
-------------------------+-------+-------+-------+-------++-------
Melee: Hand axe          |    61 |   107 |       |       ||   168
       Kick              |    18 |    26 |    59 |    33 ||   136
       Peck              |     8 |    15 |    28 |    24 ||    75
       War axe           |       |     5 |   186 |   109 ||   300
Invok: Berserk           |     2 |     3 |     5 |     2 ||    12
       Trog's Hand       |       |       |     1 |     2 ||     3
       Brothers in Arms  |       |       |       |     1 ||     1
 Abil: Fly               |       |     1 |     1 |       ||     2
       Stop Flying       |       |       |     1 |       ||     1
  Use: Scroll            |       |     3 |       |       ||     3
  Eat: Chunk             |     1 |     7 |    16 |     6 ||    30
       Ration            |       |       |     1 |       ||     1
Armor: Animal skin       |     2 |       |       |       ||     2
       Swamp dragon scal |    12 |    34 |    59 |    44 ||   149
       Leather armour    |     3 |       |       |       ||     3
Dodge: Dodged            |    38 |    69 |   108 |    73 ||   288
